AoeStats
← Codisius

Arabia

506766211Analyzed
1v1 RM · 18d ago on Sep 15, 2026· 60m 30s· 2 players
Game mode
Random Map
Map size
Tiny (2 player)
Population
200
Speed
Normal
Resources
Standard
Victory
Conquest
Starting age
Dark Age
Ending age
Imperial Age
RankedLock teamsTeams togetherTeam positionsShared explorationLock speedFull tech treeHidden civsTurbo modeCheats
Victory
Defeat
🇺🇸 Huns · United States
216
+13
🇨🇴 Celts · Colombia
161
-13
Codisius
0:38 Loom
14:09 Feudal Age
17:46 Wheelbarrow
17:00 Double-Bit Axe
18:59 Horse Collar
20:07 Gold Mining
20:08 Stone Mining
20:53 Man-at-Arms
21:19 Arson
27:15 Castle Age
28:21 Hand Cart
28:18 Bow Saw
28:46 Gold Shaft Mining
32:13 Stone Shaft Mining
32:41 Heavy Plow
32:59 Gambesons
32:36 Long Swordsman
39:35 Imperial Age
38:27 Ballistics
40:36 Two-Handed Swordsman
41:48 Champion
48:00 Cavalier
53:51 Forging
53:42 Scale Mail Armor
53:48 Scale Barding Armor
53:44 Padded Archer Armor
53:35 Fletching
54:33 Scale Barding Armor
54:34 Padded Archer Armor
55:13 Iron Casting
55:42 Chain Mail Armor
55:50 Chain Barding Armor
Mantis
12:13 Feudal Age
12:52 Loom
13:06 Horse Collar
20:52 Bloodlines
20:32 Double-Bit Axe
25:29 Castle Age
24:39 Gold Mining
24:39 Stone Mining
26:49 Husbandry
27:35 Heavy Plow
29:34 Wheelbarrow
30:11 Scale Barding Armor
32:06 Thumb Ring
32:45 Hand Cart
34:26 Chain Barding Armor
35:51 Crossbowman
36:26 Fletching
36:37 Padded Archer Armor
36:48 Forging
37:38 Marauders
39:04 Town Watch
40:26 Gold Shaft Mining
42:25 Town Patrol
47:02 Imperial Age
44:14 Pikeman
47:35 Bow Saw
47:25 Bodkin Arrow
47:46 Leather Archer Armor
47:33 Scale Mail Armor
51:39 Conscription
53:47 Parthian Tactics
54:03 Plate Barding Armor
53:29 Bracer
54:31 Cavalier
56:16 Ballistics
56:56 Chemistry
55:53 Murder Holes
56:22 Squires
58:59 Heavy Cavalry Archer
Connection lost

Rejoining the realm…

Still unreachable

The connection could not be restored.

Session expired

The server has moved on; the page needs a fresh start.